 Dungeon Crawl Stone Soup version 0.26-a0-690-gcb57259 (webtiles) character file.

Game seed: 2137771326169075728

905 Mopster the Cleaver (level 7, -2/63 HPs)
             Began as a Minotaur Berserker on Oct 23, 2020.
             Was a Priest of Trog.
             Slain by an orc warrior
             ... wielding a +0 scimitar
              (4 damage)
             ... on level 6 of the Dungeon.
             The game lasted 00:07:43 (2961 turns).

Mopster the Cleaver (Minotaur Berserker)            Turns: 2961, Time: 00:07:44

Health: -2/63      AC: 12    Str: 22    XL:     7   Next: 80%
Magic:  6/6        EV:  9    Int:  4    God:    Trog [***...]
Gold:   180        SH:  0    Dex: 11    Spells: 6/6 levels left

rFire    . . .     SeeInvis .   a - +1 hand axe
rCold    . . .     Faith    .   (no shield)
rNeg     . . .     Spirit   .   k - +0 chain mail
rPois    .         Reflect  .   (helmet restricted)
rElec    .         Harm     .   c - +0 cloak
rCorr    .         Rampage  .   m - +0 pair of gloves
MR       .....                  (no boots)
Stlth    ..........             g - amulet of regeneration
HPRegen  0.60/turn              (no ring)
MPRegen  0.10/turn              (no ring)

@: berserk cooldown, slowed, very slow
A: retaliatory headbutt, horns 2
a: Berserk, Trog's Hand, Renounce Religion


You were on level 6 of the Dungeon.
You worshipped Trog.
Trog was most pleased with you.
You visited 1 branch of the dungeon, and saw 5 of its levels.
You also visited: Sewer.

You collected 180 gold pieces.

Inventory:

Hand Weapons
 a - a +1 hand axe (weapon)
Armour
 c - a +0 cloak (worn)
 k - a +0 chain mail (worn)
 m - a +0 pair of gloves (worn)
Jewellery
 f - an uncursed ring of ice
 g - an amulet of regeneration (around neck)
Wands
 s - a wand of disintegration (14)
Scrolls
 j - a scroll of teleportation {unknown}
 q - a scroll of enchant weapon
 r - a scroll of magic mapping {unknown}
 u - a scroll of remove curse
Potions
 b - a potion of magic {unknown}
 d - a potion of haste {unknown}
 e - 3 potions of degeneration {unknown}
 h - 4 potions of curing
 i - 2 potions of heal wounds {unknown}
 l - a potion of ambrosia {unknown}
 n - a potion of berserk rage {unknown}
 o - a potion of lignification {unknown}
 p - 2 potions of invisibility {unknown}
 t - 2 potions of flight {unknown}


   Skills:
 + Level 6.1 Fighting
 + Level 8.4 Axes
 + Level 5.4 Armour
 + Level 3.3 Dodging


You had 6 spell levels left.
You didn't know any spells.
Your spell library was empty.

Dungeon Overview and Level Annotations

Branches:
Dungeon (6/15)              Sewer (visited)
 Temple: D:4-7

Altars:
Elyvilon


Innate Abilities, Weirdness & Mutations

You reflexively headbutt those who attack you in melee.
You have a pair of horns on your head.


Message History

The orc warrior hits you with a +0 scimitar!
You slash the orc priest!
You kill the orc priest!
Trog accepts your kill.
You hit the orc warrior but do no damage.
You barely miss the orc priest.
The orc priest hits you but does no damage.
The orc warrior hits you with a +0 scimitar!
* * * LOW HITPOINT WARNING * * *
You barely miss the orc priest. You closely miss the orc warrior.
The orc priest hits you but does no damage.
The orc warrior barely misses you.
The orc priest mumbles some strange prayers to Beogh against you.
Pain shoots through your body!
* * * LOW HITPOINT WARNING * * *
You closely miss the orc priest. You hit the orc warrior.
The orc priest hits you with a +0 hand axe!
* * * LOW HITPOINT WARNING * * *
The orc warrior hits you with a +0 scimitar.
You die...

#####################
......#.............
......)........#...#
......#............####.
......###.####..........
........#...............
........#........†......
........#.......@o......
.......##.......o†......
.......##.....<...##....
..........####'#........
........... ...........
.###...... ...........
..... ......_..... ...
.............
..............


You could see an orc warrior and an orc priest.

Vanquished Creatures
  A water moccasin (Sewer)
  A sky beast (D:5)
  2 phantoms
  A centaur (D:5)
  A bullfrog (D:6)
  A scorpion (D:6)
  2 jellies
  An orc priest (D:6)
  2 orc wizards
  A hound zombie (D:2)
  Robin (D:2)
  7 adders
  A howler monkey skeleton (D:2)
  An ufetubus (D:5)
  2 oozes
  2 adder zombies (D:2)
  2 leopard geckos
  8 orcs
  A bat zombie (D:2)
  2 giant cockroaches (D:1)
  13 goblins
  3 hobgoblins
  12 jackals
  5 kobolds
  A quokka (D:6)
  A ball python (D:6)
  A frilled lizard (D:2)
  A leopard gecko skeleton (D:2)
  A leopard gecko zombie (D:2)
  A quokka zombie (D:2)
  5 rats
84 creatures vanquished.

Vanquished Creatures (others)
  3 withered plants (D:2)
3 creatures vanquished.

Grand Total: 87 creatures vanquished

Notes
Turn   | Place    | Note
-------+----------+-------------------------------------------
     0 | D:1      | Mopster the Minotaur Berserker began the quest for the Orb.
     0 | D:1      | Reached XP level 1. HP: 19/19 MP: 0/0
   455 | D:1      | Reached XP level 2. HP: 27/27 MP: 1/1
   585 | D:1      | Reached skill level 4 in Axes
   860 | D:2      | Reached XP level 3. HP: 26/33 MP: 2/2
  1004 | D:2      | Noticed Robin
  1015 | D:2      | Killed Robin
  1015 | D:2      | Reached XP level 4. HP: 30/41 MP: 3/3
  1051 | D:2      | Reached ** piety under Trog
  1051 | D:2      | Reached skill level 5 in Axes
  1442 | D:3      | Reached XP level 5. HP: 47/47 MP: 4/4
  1445 | D:3      | You fall into a shaft and drop 2 floors!
  1445 | D:5      | Entered Level 5 of the Dungeon
  1446 | D:5      | Noticed a sky beast
  1469 | D:5      | Killed a sky beast
  1469 | D:5      | Reached skill level 5 in Fighting
  1469 | D:5      | Reached skill level 6 in Axes
  1491 | D:5      | Reached XP level 6. HP: 43/56 MP: 5/5
  1760 | D:5      | Reached skill level 7 in Axes
  2078 | D:5      | Found a glowing drain.
  2091 | Sewer    | Entered a sewer
  2473 | Sewer    | Noticed a water moccasin
  2481 | Sewer    | Killed a water moccasin
  2481 | Sewer    | Reached XP level 7. HP: 59/62 MP: 6/6
  2829 | D:6      | Reached *** piety under Trog
  2891 | D:6      | Reached skill level 8 in Axes
  2922 | D:6      | Found a white marble altar of Elyvilon.
  2932 | D:6      | Reached skill level 5 in Armour
  2961 | D:6      | HP: 2/63 [orc priest/+0 hand axe (7)]
  2961 | D:6      | Slain by an orc warrior

Illustrated notes

Levels and vault maps discovered:
D:1:      wander_arrival_abandoned_jail, layout_basic,
          hangedman_decor_clover_reticule
D:2:      layout_loops_cross, serial_undead, serial_undead_c, serial_undead_d,
          serial_undead_d, serial_undead_e, serial_undead_d, serial_undead_b,
          serial_undead_d, serial_undead_b, serial_undead_a, serial_undead_e,
          uniq_robin
D:3:      layout_loops_cross, kennysheep_ying_yang,
          gammafunk_temple_overflow_elements
D:5:      layout_basic, portal_sewer_entry_d
D:6:      kennysheep_big_flooded_room, layout_basic, grunt_temple_overflow_open,
          basic_altar, uniq_pikel

Skill      XL: |  1  2  3  4  5  6  7 |
---------------+----------------------+-----
Axes           | 4 5 6 7 8 |  8.4
Fighting       | 4 5 6 |  6.1
Armour         | 3 4 5 |  5.4
Dodging        | 3 |  3.3

Action                   |  1- 3 |  4- 6 |  7- 9 || total
-------------------------+-------+-------+-------++-------
Melee: Hand axe          |    76 |   126 |    39 ||   241
       Headbutt          |    12 |    18 |     5 ||    35
Invok: Berserk           |     1 |     1 |     1 ||     3
  Use: Scroll            |     2 |     4 |       ||     6
Armor: Animal skin       |     5 |       |       ||     5
       Chain mail        |    34 |    94 |    15 ||   143
Dodge: Dodged            |    34 |    52 |    13 ||    99

Table legend: (Time is in decaauts)
 A = Elapsed time spent in this place.
 B = Non-inter-level travel time spent in this place.
 C = Inter-level travel time spent in this place.
 D = Time resting spent in this place.
 E = Time spent auto-exploring this place.
 F = Levels seen in this place.
 G = Mean time per level.
                   A        B        C        D        E       F      G
               +--------+--------+--------+--------+--------+-----+--------+
         Total |   3007 |   2631 |    376 |    300 |   1631 |   6 |  501.2 |
       Dungeon |   2514 |   2138 |    376 |      0 |   1601 |   5 |  502.8 |
         Sewer |    492 |    492 |      0 |    300 |     30 |   1 |  492.0 |
               +--------+--------+--------+--------+--------+-----+--------+

Top non-repeatable levels by time:
     D:5: 739 daAuts
     D:1: 712 daAuts
     D:2: 621 daAuts
   Sewer: 492 daAuts
     D:6: 316 daAuts
     D:3: 123 daAuts
